AoeStats
← |GaoeG| flamingo

Arena

508967987Analyzed
4v4 RM · 8d ago on Sep 24, 2026· 54m 57s· 8 players
Game mode
Random Map
Map size
Large (8 player)
Population
200
Speed
Normal
Resources
Standard
Victory
Conquest
Starting age
Dark Age
Ending age
Imperial Age
RankedLock teamsTeams togetherTeam positionsShared explorationLock speedFull tech treeHidden civsTurbo modeCheats
Victory
Defeat
🇪🇸 Mongols · Spain
1367
+8
🇪🇸 Spanish · Spain
1257
+12
🇪🇸 Sicilians · Spain
1169
+16
🇪🇸 Bengalis · Spain
1109
+19
🇷🇺 Vietnamese · Russia
1210
-15
🇲🇽 Varangians · Mexico
1172
-14
🇨🇴 Persians · Colombia
1171
-14
🇬🇧 Khmer · United Kingdom
1123
-12
Xx_KeVIN_zZ
10:38 Feudal Age
14:43 Castle Age
19:14 Double-Bit Axe
24:57 Gold Mining
26:41 Wheelbarrow
29:04 Imperial Age
28:19 Horse Collar
28:56 Scale Barding Armor
29:04 Forging
29:37 Bow Saw
29:41 Cavalier
30:24 Husbandry
31:20 Chain Barding Armor
31:38 Iron Casting
31:44 Gold Shaft Mining
32:23 Two-Man Saw
31:12 Savar
32:19 Stone Mining
33:44 Plate Barding Armor
34:12 Blast Furnace
33:14 Padded Archer Armor
33:05 Fletching
34:09 Stone Shaft Mining
38:11 Leather Archer Armor
37:51 Bodkin Arrow
37:57 Scale Mail Armor
38:25 Light Cavalry
39:16 Bloodlines
39:42 Hussar
40:15 Elite Skirmisher
42:05 Ring Archer Armor
41:50 Chain Mail Armor
41:08 Imperial Skirmisher
43:00 Chemistry
43:46 Crossbowman
44:31 Thumb Ring
Botgamer928
0:27 Loom
10:49 Feudal Age
14:17 Castle Age
13:38 Double-Bit Axe
23:24 Horse Collar
28:09 Imperial Age
27:19 Bloodlines
27:09 Husbandry
29:19 Conscription
29:50 Ballistics
30:10 Double Crossbow
30:43 Scale Barding Armor
32:05 Chain Barding Armor
32:49 Chemistry
32:57 Siege Engineers
33:24 Elite Ballista Elephant
36:09 Chemistry
35:52 Masonry
35:35 Gold Mining
35:37 Stone Mining
37:46 Plate Barding Armor
38:53 Forging
39:50 Tusk Swords
40:33 Iron Casting
40:02 Light Cavalry
41:04 Hussar
49:11 Wheelbarrow
48:07 Elite Battle Elephant
48:26 Heavy Scorpion
49:42 Fortified Wall
52:39 Capped Ram
53:55 Bow Saw
54:34 Siege Ram
adrenalin2057
10:48 Feudal Age
14:44 Castle Age
12:44 Horse Collar
14:08 Double-Bit Axe
15:23 Loom
17:00 Wheelbarrow
16:10 Town Watch
17:10 Bow Saw
18:00 Heavy Plow
24:48 Gold Mining
27:10 Padded Archer Armor
27:08 Fletching
32:35 Imperial Age
30:33 Stone Mining
31:49 Scale Mail Armor
31:59 Forging
32:37 Elite Skirmisher
33:22 Thumb Ring
33:13 Bodkin Arrow
34:43 Ballistics
35:23 Chemistry
34:26 Bracer
34:41 Leather Archer Armor
34:31 Squires
35:45 Masonry
36:26 Elite Fire Lancer
37:26 Chain Mail Armor
40:18 Plate Mail Armor
40:24 Iron Casting
jusart.92
10:24 Feudal Age
11:09 Loom
14:12 Castle Age
13:12 Double-Bit Axe
13:09 Horse Collar
13:22 Gold Mining
14:33 Arson
15:07 Squires
14:56 Gambesons
22:23 Forging
22:14 Scale Mail Armor
22:47 Bow Saw
23:56 Iron Casting
25:38 Chain Mail Armor
25:10 Arson
25:26 Squires
31:38 Imperial Age
33:47 Conscription
34:31 Plate Mail Armor
35:03 Gothikon
39:28 Blast Furnace
39:29 Heavy Plow
40:52 Wheelbarrow
40:03 Town Watch
41:12 Fletching
41:22 Padded Archer Armor
40:54 Elite Varangian Guard
42:11 Bodkin Arrow
41:56 Elite Skirmisher
43:14 Leather Archer Armor
42:59 Imperial Skirmisher
47:34 Ring Archer Armor
47:34 Bracer
55:15 Chemistry
ErafaE
10:47 Feudal Age
14:26 Castle Age
13:13 Double-Bit Axe
13:23 Horse Collar
15:24 Heavy Plow
20:14 Bow Saw
22:15 Wheelbarrow
24:30 Hand Cart
26:44 Gold Mining
27:49 Loom
27:50 Town Watch
28:42 Gold Shaft Mining
32:30 Imperial Age
30:21 Town Patrol
30:31 Padded Archer Armor
30:22 Fletching
31:38 Leather Archer Armor
32:06 Husbandry
32:17 Bloodlines
32:38 Bodkin Arrow
33:29 Ballistics
34:02 Ring Archer Armor
33:33 Bracer
32:55 Elite Elephant Archer
34:43 Chemistry
36:09 Two-Man Saw
35:41 Crop Rotation
36:17 Conscription
37:02 Mahayana
37:53 Paiks
40:46 Guilds
41:11 Coinage
45:10 Banking
47:00 Murder Holes
47:11 Siege Engineers
53:27 Scale Barding Armor
53:33 Forging
52:48 Light Cavalry
JITANOmaleant7
9:38 Feudal Age
10:44 Loom
14:18 Castle Age
12:35 Double-Bit Axe
12:34 Horse Collar
15:01 Wheelbarrow
16:25 Bow Saw
21:30 Stone Mining
22:42 Heavy Plow
23:52 Fletching
24:35 Bodkin Arrow
24:36 Gold Mining
25:25 Stone Shaft Mining
26:10 Gold Shaft Mining
26:10 Stone Shaft Mining
29:47 Imperial Age
28:11 Padded Archer Armor
28:33 Ballistics
28:35 Bloodlines
28:26 Husbandry
28:45 Thumb Ring
30:42 Bracer
31:09 Conscription
31:48 Parthian Tactics
32:27 Chemistry
30:55 Onager
32:20 Siege Onager
33:42 Hand Cart
34:11 Leather Archer Armor
34:27 Siege Engineers
35:21 Elite Mangudai
37:41 Masonry
40:45 Scale Barding Armor
40:51 Forging
40:03 Light Cavalry
41:51 Drill
53:35 Chain Barding Armor
53:50 Iron Casting
|GaoeG| Joseba77
12:13 Feudal Age
13:34 Loom
16:01 Castle Age
15:02 Double-Bit Axe
15:10 Stone Mining
15:02 Horse Collar
18:28 Gold Mining
19:03 Forging
24:27 Iron Casting
30:23 Imperial Age
27:57 Scale Mail Armor
28:40 Squires
29:21 Chain Mail Armor
29:11 Gambesons
30:52 Wheelbarrow
31:57 Plate Mail Armor
33:24 Blast Furnace
32:34 Heavy Plow
35:12 Hand Cart
35:59 Hauberk
36:02 Scale Barding Armor
36:52 Bloodlines
38:24 Chain Barding Armor
37:25 Cavalier
40:09 Plate Barding Armor
45:46 Light Cavalry
50:06 Husbandry
|GaoeG| flamingo
11:22 Feudal Age
15:16 Castle Age
13:25 Double-Bit Axe
13:40 Horse Collar
16:39 Bow Saw
16:31 Heavy Plow
21:04 Loom
24:30 Padded Archer Armor
31:03 Imperial Age
29:12 Wheelbarrow
29:46 Scale Barding Armor
29:53 Forging
31:00 Chain Barding Armor
30:50 Forging
31:09 Hand Cart
31:13 Gold Mining
31:37 Bloodlines
31:27 Husbandry
31:21 Cavalier
32:39 Plate Barding Armor
34:15 Paladin
36:02 Iron Casting
36:11 Conscription
38:23 Blast Furnace
37:10 Light Cavalry
38:21 Hussar
Connection lost

Rejoining the realm…

Still unreachable

The connection could not be restored.

Session expired

The server has moved on; the page needs a fresh start.